 Dungeon Crawl Stone Soup version 0.29.1-1-gd02db6906a (webtiles) character file.

Game seed: 10555303203038368379

95 dave1331 the Covered (level 4, 0/40 HPs)
             Began as a Hill Orc Fighter on Oct 2, 2022.
             Slain by a hound (1 damage)
             ... on level 4 of the Dungeon.
             The game lasted 00:06:39 (3361 turns).

dave1331 the Covered (Hill Orc Fighter)             Turns: 3361, Time: 00:06:41

Health: 0/40       AC: 11    Str: 20    XL:     4   Next: 65%
Magic:  3/3        EV:  5    Int:  6    God:
Gold:   128        SH:  4    Dex: 10    Spells: 3/3 levels left

rFire   . . .      SeeInvis .   a - +0 war axe
rCold   . . .      Faith    .   c - +0 buckler
rNeg    . . .      Spirit   .   h - +0 plate armour
rPois   .          Reflect  .   (no helmet)
rElec   .          Harm     .   (no cloak)
rCorr   .          Rampage  .   (no gloves)
Will    .....                   (no boots)
Stlth   ..........              (no amulet)
HPRegen 0.13/turn               (no ring)
MPRegen 0.08/turn               (no ring)

@: no status effects
A: dopey 1, low MP 1, subdued magic 1
a: no special abilities


You were on level 4 of the Dungeon.
You visited 1 branch of the dungeon, and saw 4 of its levels.

You collected 128 gold pieces.

Inventory:

Hand Weapons
 a - a +0 war axe (weapon)
Armour
 b - a +1 scale mail
 c - a +0 buckler (worn)
 h - a +0 plate armour (worn)
Jewellery
 k - a ring of willpower
 m - an amulet of the acrobat
 n - a ring of ice
Scrolls
 d - 2 scrolls of identify
 e - 2 scrolls of vulnerability
 f - 2 scrolls of teleportation
 g - a scroll of poison
 i - 2 scrolls of fear {unknown}
Potions
 j - a potion of brilliance {unknown}


   Skills:
 + Level 4.1 Fighting
 + Level 4.2 Axes
 + Level 4.2 Armour
 + Level 0.3 Dodging
 + Level 3.7 Shields


You had 3 spell levels left.
You didn't know any spells.
Your spell library contained the following spells:

 Spells                   Type           Power      Damage    Failure   Level
 Magic Dart               Conj           0%         1d3       100%        1
 Call Imp                 Summ           0%         N/A       100%        2
 Ensorcelled Hibernation  Hex/Ice        0%         N/A       100%        2
 Passwall                 Tmut/Erth      0%         N/A       100%        2
 Gell's Gravitas          Tloc           0%         N/A       100%        3
 Lesser Beckoning         Tloc           0%         N/A       100%        3
 Mephitic Cloud           Conj/Pois/Air  0%         N/A       100%        3
 Summon Guardian Golem    Hex/Summ       0%         N/A       100%        3
 Swiftness                Air            0%         N/A       100%        3
 Teleport Other           Tloc           0%         N/A       100%        3
 Orb of Destruction       Conj           0%         9d5       100%        7
 Spellforged Servitor     Conj/Summ      0%         N/A       100%        7


Dungeon Overview and Level Annotations

Branches:
Dungeon (4/15)
 Temple: D:4-7

Altars:
Wu Jian


Innate Abilities, Weirdness & Mutations

You are dopey. (Int -2)
Your magical capacity is low. (-10% MP)
Your spells are a little easier to cast, but a little less powerful.


Message History

You block the bat's attack. The bat hits you but does no damage. x2
The bat hits you but does no damage. The bat hits you but does no damage.
The bat barely misses you.
The ball python attacks as you move away!
The ball python barely misses you. The bat attacks as you move away!
The bat hits you but does no damage. x2
The bat hits you.
* * * LOW HITPOINT WARNING * * *
The bat hits you but does no damage. The bat hits you but does no damage.
The bat attacks as you move away! The bat barely misses you.
The bat hits you but does no damage. The bat attacks as you move away!
The bat barely misses you. x2
The bat hits you.
* * * LOW HITPOINT WARNING * * *
You block the bat's attack. The bat hits you but does no damage.
You block the bat's attack. The bat barely misses you.
There is a stone staircase leading down here.
The bat closely misses you.
The ball python bites you but does no damage.
The ball python barely misses you.
You climb downwards.
There is a stone staircase leading up here.
Found 13 gold pieces.
The bat hits you but does no damage. The bat hits you but does no damage.
You block the bat's attack.
You hit the bat.
The bat is severely wounded.
The bat hits you but does no damage. The hound bites you but does no damage.
The bat barely misses you. The hound bites you but does no damage.
The hound barely misses you. The bat barely misses you.
The hound bites you but does no damage. The hound attacks as you move away!
The hound bites you.
* * * LOW HITPOINT WARNING * * *
The bat hits you but does no damage. The bat hits you but does no damage.
The hound bites you.
You die...

####.
####.....
##<.......
#.....####
#...###
##b.##
#hs## #@.#
#.## #..#
.$.## .###
#


You could see a scorpion, a hound and a bat.

Vanquished Creatures
  3 adders (D:2)
  A dart slug (D:1)
  4 orcs (D:3)
  3 ball pythons
  6 bats
  9 endoplasms
  5 giant cockroaches
  2 goblins
  4 hobgoblins
  7 kobolds
  4 quokkas
  2 frilled lizards
  5 rats
55 creatures vanquished.

Notes
Turn   | Place    | Note
-------+----------+-------------------------------------------
     0 | D:1      | dave1331 the Hill Orc Fighter began the quest for the Orb.
     0 | D:1      | Reached XP level 1. HP: 19/19 MP: 1/1
   232 | D:1      | Reached XP level 2. HP: 27/27 MP: 2/2
   887 | D:1      | Reached XP level 3. HP: 33/33 MP: 3/3
  1160 | D:1      | Gained mutation: You have hidden genetic defects. [potion
                  | of mutation]
  1160 | D:1      | Gained mutation: You are dopey. (Int -2) [potion of
                  | mutation]
  1645 | D:2      | Found an ornate altar of the Wu Jian Council.
  1723 | D:2      | Gained mutation: Your magical capacity is low. (-10% MP)
                  | [hidden defects]
  2109 | D:2      | Gained mutation: Your spells are a little easier to cast,
                  | but a little less powerful. [hidden defects]
  2109 | D:2      | Lost mutation: You have hidden genetic defects. [hidden
                  | defects expressed]
  2149 | D:2      | Reached XP level 4. HP: 24/40 MP: 3/3
  3028 | D:3      | Identified the +4 ring mail "Curacot" {Contam rC+++ SInv}
  3103 | D:3      | Found the +0 staff of Battle
  3331 | D:3      | HP: 2/40 [gnoll/+2 whip of venom (5)]
  3343 | D:3      | HP: 2/40 [bat (1)]
  3353 | D:4      | Noticed a scorpion
  3360 | D:4      | HP: 1/40 [hound (2)]
  3361 | D:4      | Slain by a hound

Illustrated notes

Levels and vault maps discovered:
D:1:      scummos_arrival_simple_crosswalls, layout_loops_corners
D:2:      layout_basic, basic_altar
D:3:      layout_basic
D:4:      layout_layer_cave, minmay_temple_entry_overgrown

Skill      XL: |  1  2  3  4 |
---------------+-------------+-----
Axes           | 3 4 |  4.2
Armour         | 4 |  4.2
Fighting       | 4 |  4.1
Dodging        | |  0.3
Shields        | |  3.7

Action                   |  1- 3 |  4- 6 || total
-------------------------+-------+-------++-------
Melee: War axe           |   105 |    49 ||   154
  Use: Scroll            |     5 |     3 ||     8
       Potion            |     3 |     3 ||     6
Armor: Scale mail        |    76 |    27 ||   103
       Plate armour      |       |    61 ||    61
Dodge: Dodged            |    70 |    60 ||   130
Block: Buckler           |    36 |    30 ||    66
